 Dungeon Crawl Stone Soup version 0.23.2-40-g277498a001 (webtiles) character file.

Game seed: 3034974657548073870

3621 Marnok the Slicer (level 9, 0/79 HPs)
             Began as a Minotaur Fighter on Oct 13, 2019.
             Slain by a death yak (12 damage)
             ... on level 8 of the Dungeon.
             The game lasted 00:25:15 (6959 turns).

Marnok the Slicer (Minotaur Fighter)                Turns: 6959, Time: 00:25:15

Health: 0/79       AC: 10    Str: 24    XL:     9   Next: 86%
Magic:  8/8        EV: 14    Int:  7    God:
Gold:   292        SH: 12    Dex: 12    Spells: 8/8 levels left

rFire    x . .     SeeInvis +   o - +2 short sword (speed)
rCold    + + .     Gourm    .   c - +0 shield
rNeg     . . .     Faith    .   b - +0 scale mail
rPois    .         Spirit   .   (helmet restricted)
rElec    +         Reflect  .   j - +1 cloak of Starlight {rElec rC+ EV+4 Stlth--}
rCorr    .         Harm     .   (no gloves)
MR       .....                  (no boots)
Stlth    ..........             (no amulet)
HPRegen  0.23/turn              w - ring of ice
MPRegen  0.11/turn              e - ring of see invisible

@: no status effects
A: retaliatory headbutt, horns 2, thin skeletal structure 1, clever 1
a: no special abilities


You were on level 8 of the Dungeon.
You were not hungry.

You visited 1 branch of the dungeon, and saw 8 of its levels.

You collected 292 gold pieces.

Inventory:

Hand Weapons
 a - a +0 long sword
 o - a +2 short sword of speed (weapon)
Armour
 b - a +0 scale mail (worn)
 c - a +0 shield (worn)
 j - the +1 cloak of Starlight (worn) {rElec rC+ EV+4 Stlth--}
   (You found it on level 4 of the Dungeon)

   It affects your evasion (+4).
   It protects you from cold.
   It insulates you from electricity.
   It makes you much less stealthy.
 q - a +0 robe
 z - a scarf of spirit shield
 A - a +2 buckler
Jewellery
 e - a ring of see invisible (right hand)
 w - a ring of ice (left hand)
Wands
 p - a wand of flame (9)
Scrolls
 g - 2 scrolls of enchant armour {unknown}
 h - a scroll of blinking {unknown}
 i - a scroll of amnesia
 k - a scroll of noise {unknown}
 r - 4 scrolls of teleportation
 s - 2 scrolls of identify
 t - a scroll of magic mapping {unknown}
 x - a scroll of immolation {unknown}
 y - 4 scrolls of remove curse
Potions
 l - 3 potions of flight
 m - 2 potions of lignification
 n - 2 potions of resistance
 v - a potion of agility
Comestibles
 f - 16 rations


   Skills:
 + Level 7.4 Fighting
 + Level 9.0(9.3) Short Blades
 + Level 3.8(7.3) Long Blades
 + Level 8.2 Armour
 + Level 3.5 Dodging
 + Level 0.5 Stealth
 + Level 8.9 Shields


You had 8 spell levels left.
You didn't know any spells.
Your spell library was empty.

Dungeon Overview and Level Annotations

Branches:
Dungeon (8/15)             Temple (0/1) D:7            Lair (0/6) D:8

Altars:
Ashenzari
Hepliaklqana
Kikubaaqudgha
Sif Muna
Xom
Zin


Innate Abilities, Weirdness & Mutations

You reflexively headbutt those who attack you in melee.
You have a pair of horns on your head.
You have a somewhat thin skeletal structure. (Dex +2, Stealth)
Your mind is acute. (Int +2)


Message History

You hit the death yak but do no damage.
The death yak is lightly wounded.
You hit the death yak.
The death yak is moderately wounded.
The death yak gores you but does no damage.
You hit the death yak. Your headbutt misses the death yak.
The death yak is moderately wounded.
You hit the death yak.
The death yak is moderately wounded.
The death yak snorts and paws the ground.
You block the death yak's attack.
You hit the death yak but do no damage. Your headbutt misses the death yak.
The death yak is moderately wounded.
You hit the death yak. Your headbutt misses the death yak.
The death yak is moderately wounded.
The death yak gores you!
* * * LOW HITPOINT WARNING * * *
There is a stone staircase leading up here.
The death yak gores you!
You die...

#.. .## .# ...
...# .# ....).#
.#. #.#.. .#. #..#
...
##.###########Y..
#.#...Y....Y†Y.Y.
##...Y.########Y..
##@Y....# ...
##...##### ... #
##...## ... #.
##..### ... #.#
##..## ...
#..###...# ###
#......)##
###....## #....#


You could see 2 death yaks and a yak.

Vanquished Creatures
  A death yak (D:8)
  5 orc warriors
  3 ice beasts (D:5)
  3 ogres
  A phantom (D:5)
  A sky beast (D:5)
  Blork the orc (D:5)
  3 bullfrogs
  5 killer bees (D:4)
  2 howler monkeys
  7 crimson imps
  2 hounds (D:6)
  A jelly (D:6)
  3 orc priests
  4 orc wizards
  Jessica (D:3)
  A centaur skeleton (D:5)
  Terence (D:3)
  2 iguanas
  8 worker ants
  2 hound zombies
  A worker ant zombie (D:7)
  8 gnolls
  11 adders
  A shadow imp (D:5)
  An ooze (D:1)
  2 adder skeletons
  3 worms
  3 leopard geckos
  41 orcs
  7 bats
  3 giant cockroaches
  7 goblins
  7 hobgoblins
  11 jackals
  A quokka (D:6)
  3 ball pythons
  6 frilled lizards
  A giant cockroach zombie (D:5)
  7 kobolds
  A quokka skeleton (D:6)
  7 rats
189 creatures vanquished.

Notes
Turn   | Place    | Note
-------+----------+-------------------------------------------
     0 | D:1      | Marnok the Minotaur Fighter began the quest for the Orb.
     0 | D:1      | Reached XP level 1. HP: 19/19 MP: 0/0
   179 | D:1      | Reached XP level 2. HP: 24/27 MP: 1/1
   746 | D:2      | Reached XP level 3. HP: 30/33 MP: 2/2
   757 | D:3      | Noticed Jessica
   932 | D:2      | Found a shattered altar of Ashenzari.
  1470 | D:3      | Killed Jessica
  1470 | D:3      | Reached XP level 4. HP: 31/40 MP: 3/3
  1878 | D:4      | Reached skill level 1 in Dodging
  2101 | D:3      | Reached XP level 5. HP: 46/46 MP: 4/4
  2181 | D:3      | Found a deep blue altar of Sif Muna.
  2186 | D:3      | Noticed Terence
  2197 | D:3      | Killed Terence
  2197 | D:3      | Reached skill level 1 in Short Blades
  2302 | D:3      | Found an ancient bone altar of Kikubaaqudgha.
  2386 | D:5      | Entered Level 5 of the Dungeon
  2386 | D:5      | Noticed an ogre
  2480 | D:4      | Found the +1 cloak of Starlight {rElec rC+ EV+4 Stlth--}
  2671 | D:4      | Reached skill level 2 in Short Blades
  2693 | D:4      | Found a hazy altar of Hepliaklqana.
  2776 | D:4      | Reached skill level 5 in Shields
  2906 | D:4      | Reached skill level 5 in Armour
  2921 | D:4      | Reached XP level 6. HP: 40/53 MP: 5/5
  2943 | D:4      | Reached skill level 3 in Short Blades
  3096 | D:4      | Reached XP level 7. HP: 33/60 MP: 6/6
  3250 | D:5      | Reached skill level 4 in Short Blades
  3291 | D:5      | Reached skill level 5 in Fighting
  3330 | D:5      | Noticed Blork the orc
  3360 | D:5      | Killed Blork the orc
  3360 | D:5      | Reached skill level 5 in Short Blades
  3427 | D:5      | Reached XP level 8. HP: 54/68 MP: 7/7
  4088 | D:5      | Reached skill level 6 in Short Blades
  4549 | D:6      | Reached skill level 7 in Short Blades
  4891 | D:5      | Reached XP level 9. HP: 14/75 MP: 8/8
  5268 | D:6      | Gained mutation: You have a somewhat thin skeletal
                  | structure. (Dex +2, Stealth) [potion of mutation]
  5268 | D:6      | Gained mutation: Your mind is acute. (Int +2) [potion of
                  | mutation]
  5643 | D:6      | Found a shimmering altar of Xom.
  6066 | D:7      | Found a staircase to the Ecumenical Temple.
  6306 | D:7      | Reached skill level 8 in Short Blades
  6643 | D:7      | Found a glowing silver altar of Zin.
  6884 | D:8      | Noticed a death yak
  6886 | D:8      | Found a staircase to the Lair.
  6886 | D:8      | Noticed a death yak
  6886 | D:8      | Noticed a death yak
  6930 | D:8      | Killed a death yak
  6930 | D:8      | Reached skill level 9 in Short Blades
  6959 | D:8      | Slain by a death yak

Skill      XL: |  1  2  3  4  5  6  7  8  9 |
---------------+----------------------------+-----
Shields        | 4 5 6 8 |  8.9
Fighting       | 4 5 6 7 |  7.4
Armour         | 4 5 6 8 |  8.2
Long Blades    | 3 |  3.8
Dodging        | 1 2 3 |  3.5
Short Blades   | 2 3 5 7 9 |  9.0
Stealth        | |  0.5

Action                   |  1- 3 |  4- 6 |  7- 9 || total
-------------------------+-------+-------+-------++-------
Melee: Long sword        |    77 |       |       ||    77
       Headbutt          |    14 |    37 |   110 ||   161
       Short sword       |    30 |   196 |   591 ||   817
  Use: Scroll            |     5 |     5 |     5 ||    15
       Potion            |       |     4 |     5 ||     9
  Eat: Chunk             |     2 |     5 |    13 ||    20
Armor: Scale mail        |    55 |    29 |    78 ||   162
Dodge: Dodged            |    37 |    63 |   143 ||   243
Block: Shield            |    58 |    75 |   190 ||   323
       Rpst.: Long sword |     5 |       |       ||     5
